 Dungeon Crawl Stone Soup version 0.29.1-15-g9cfb28693d (webtiles) character file.

Game seed: 2248482404961842756

98 Heoruswealwe the Conjurer (level 4, 24/24 HPs)
             Began as a Deep Elf Conjurer on Mar 6, 2023.
             Got out of the dungeon alive.
             The game lasted 00:23:02 (1916 turns).

Heoruswealwe the Conjurer (Deep Elf Conjurer)       Turns: 1916, Time: 00:23:03

Health: 24/24      AC:  3    Str:  4    XL:     4   Next: 43%
Magic:  13/13      EV: 12    Int: 29    God:
Gold:   137        SH:  0    Dex: 13    Spells: 10/13 levels left

rFire   + . .      SeeInvis +   k - +2 hand axe "Qugaq" {venom, Drain rF+ Int+4}
rCold   . . .      Faith    .   (no shield)
rNeg    . . .      Spirit   .   e - +0 robe
rPois   .          Reflect  .   f - +0 helmet
rElec   .          Harm     .   (no cloak)
rCorr   .          Rampage  .   (no gloves)
Will    .....                   (no boots)
Stlth   ++........              (no amulet)
HPRegen 0.08/turn               g - ring of see invisible
MPRegen 0.13/turn               (no ring)

@: no status effects
A: no striking features
a: no special abilities


You escaped.
You visited 1 branch of the dungeon, and saw 3 of its levels.

You collected 137 gold pieces.

Inventory:

Hand Weapons
 c - a +0 falchion
 i - a +0 war axe
 k - the +2 hand axe "Qugaq" (weapon) {venom, Drain rF+ Int+4}
   (You found it on level 3 of the Dungeon)

   It poisons the flesh of those it strikes.
   Int:       It affects your intelligence (+4).
   rF:        It protects you from fire.
   Drain:     It drains your maximum health when unequipped.
Armour
 a - a +0 robe
 e - a +0 robe (worn)
 f - a +0 helmet (worn)
Jewellery
 g - a ring of see invisible (left hand)
Scrolls
 l - a scroll of teleportation
 m - 2 scrolls of vulnerability
Potions
 b - a potion of magic
 d - 3 potions of curing
 h - 2 potions of lignification
 j - a potion of ambrosia


   Skills:
 - Level 2.4 Dodging
 - Level 2.4 Stealth
 + Level 5.0 Spellcasting
 + Level 5.5 Conjurations


You had 10 spell levels left.
You knew the following spells:

 Your Spells              Type           Power      Damage    Failure   Level
a - Magic Dart            Conj           100%       1d8       1%          1
b - Searing Ray           Conj           78%        2d7       1%          2

Your spell library contained the following spells:

 Spells                   Type           Power      Damage    Failure   Level
 Dazzling Flash           Conj/Hex       46%        N/A       6%          3
 Summon Guardian Golem    Hex/Summ       7%         N/A       19%         3
 Fulminant Prism          Conj/Hex       11%        3d9       21%         4
 Iskenderun's Mystic Bla  Conj/Tloc      23%        2d6       21%         4
 Orb of Destruction       Conj           19%        9d8       99%         7
 Spellforged Servitor     Conj/Summ      11%        N/A       100%        7


Dungeon Overview and Level Annotations

Branches:
Dungeon (3/15)

Altars:
Ru
Wu Jian

Annotations:
D:3 3 runed translucent doors, 101zpm's ghost, weakling DjFE


Message History

The orc misses you. The orc hits you with a +0 club.
You hit the orc.
The orc looks as sick as possible!
The orc is moderately wounded.
The orc hits you but does no damage.
You hit the orc.
You kill the orc!
Your Spellcasting skill increases to level 5!
Things that are here:
a +0 club; an orc corpse You open the door.
There is an open door here.
Found 2 stones.
Found a runed translucent gate.
The orc shouts! x2; You hear a shout! x3
The orc shouts! x2
Found a robe and a pair of gloves.
Found a roughly hewn altar of Beogh.
Saving game... please wait.
Level annotation: 3 runed translucent doors, 101zpm's ghost, weakling DjFE Welcome back, Heoruswealwe the Deep Elf Conjurer.
Press ? for a list of commands and other information.
(D) Dungeon
Where to? (? - help)
What level of the Dungeon? (default 1, ? - help) 101zpm's ghost turns its malevolent gaze towards you.
There is a stone staircase leading up here.
You climb upwards.
There is a stone staircase leading down here.
HP restored.
You see here a +0 leather armour.
There is a stone staircase leading up here.
You climb upwards.
There is a stone staircase leading down here.
You see here a +0 flail.
You see here a +0 club.
There is an open door here.
There is a staircase leading out of the dungeon here.
Are you sure you want to leave the Dungeon?
This will make you lose the game!
Uppercase [Y]es or [N]o only, please.
Are you sure you want to leave the Dungeon?
This will make you lose the game!
You have escaped!

.........##............##### #
.........#######.###.......# #
.....†...#.............###.# #
######'#.#.#####'#####.# #.######
.....#.###.#PPP#.#PPP#.# #.......
####.#...#.#P⌠P#.#P⌠P#.# ######..
####.#...#.#PPP#.#PPP#.# #....
...#.#.#.#.#####.#####.### #....
##.#.#.##..'....@....'...####....
...#.#.....#####.#####.#.......##
.....####..#PPP#.#PPP#.#.......##
..##..###..#P⌠P#.#P⌠P#.#.......#
..##.......#PPP#.#PPP#.#.#######
..'......#.#####'#####.#[#
..##.....................########
~~≈≈~~~~....(............#......#
#≈≈≈≈≈#~######....######.#......#


There were no monsters in sight!

Vanquished Creatures
  5 adders
  A gnoll (D:1)
  A worm (D:2)
  An orc (D:3)
  3 ball pythons
  6 endoplasms
  A giant cockroach (D:1)
  5 goblins
  2 hobgoblins
  A quokka (D:2)
  6 bats
  2 frilled lizards (D:1)
  3 kobolds
  4 rats
41 creatures vanquished.

Vanquished Creatures (others)
  8 plants (D:2)
8 creatures vanquished.

Grand Total: 49 creatures vanquished

Notes
Turn   | Place    | Note
-------+----------+-------------------------------------------
     0 | D:1      | Heoruswealwe the Deep Elf Conjurer began the quest for the
                  | Orb.
     0 | D:1      | Reached XP level 1. HP: 10/10 MP: 6/6
   153 | D:1      | Reached XP level 2. HP: 15/15 MP: 2/8
   527 | D:1      | Reached skill level 5 in Conjurations
   529 | D:1      | Reached XP level 3. HP: 19/19 MP: 7/10
   849 | D:2      | Noticed a floating eye
   852 | D:2      | Found a faded altar of an unknown god.
   853 | D:2      | Noticed an eye of devastation
   853 | D:2      | Noticed a floating eye
   853 | D:2      | Noticed a floating eye
   858 | D:2      | Prayed at the altar of an unknown god.
   858 | D:2      | Became a worshipper of Ru the Awakened
   860 | D:2      | Fell from the grace of Ru
  1019 | D:2      | Found an ornate altar of the Wu Jian Council.
  1095 | D:2      | Reached XP level 4. HP: 24/24 MP: 10/12
  1119 | D:2      | Learned a level 2 spell: Searing Ray
  1755 | D:3      | Identified the +2 hand axe "Qugaq" {venom, Drain rF+ Int+4}
  1802 | D:3      | Reached skill level 5 in Spellcasting
  1819 | D:3      | Found a runed translucent gate.
  1819 | D:3      | Identified the +4 chain mail "Efriblipee" {Fly}
  1819 | D:3      | Noticed 101zpm's ghost (weakling DjFE)
  1820 | D:3      | Found a runed translucent gate.
  1821 | D:3      | Found a runed translucent gate.
  1916 | D:$      | Got out of the dungeon alive.

Illustrated notes

Levels and vault maps discovered:
D:1:      beargit_arrival_greenhouse, layout_basic, st_stairs_2,
          minmay_crystal_water, minivault_26
D:2:      layout_basic, hellmonk_ecumenical_altar_watching_god, basic_altar,
          serial_bayou_lagoon_a
D:3:      layout_basic, slow_altar_2, biasface_ghost_orc_armoury

Skill      XL: |  1  2  3  4 |
---------------+-------------+-----
Spellcasting   | 4 5 |  5.0
Conjurations   | 5 |  5.5
Dodging        | |  2.4
Stealth        | |  2.4

Action                   |  1- 3 |  4- 6 || total
-------------------------+-------+-------++-------
Melee: Unarmed           |     1 |       ||     1
       Falchion          |     7 |    20 ||    27
       Punch             |     1 |       ||     1
       Hand axe          |       |     4 ||     4
 Cast: Magic Dart        |    52 |    22 ||    74
Invok: Renounce Religion |     1 |       ||     1
  Use: Scroll            |     2 |     3 ||     5
       Potion            |       |     6 ||     6
Armor: Robe              |     3 |     2 ||     5
Dodge: Dodged            |     5 |     8 ||    13
